AoeStats
← jesus082879

Arena

510214017Analyzed
1v1 RM · 2d ago on Sep 30, 2026· 70m 4s· 2 players
Game mode
Random Map
Map size
Tiny (2 player)
Population
200
Speed
Normal
Resources
Standard
Victory
Conquest
Starting age
Dark Age
Ending age
Imperial Age
RankedLock teamsTeams togetherTeam positionsShared explorationLock speedFull tech treeHidden civsTurbo modeCheats
Victory
Defeat
🇨🇱 Hindustanis · Chile
631
+16
🇲🇽 Saracens · Mexico
638
-16
RaudalAtrevido
9:32 Feudal Age
10:32 Double-Bit Axe
15:18 Gold Mining
18:50 Castle Age
17:36 Wheelbarrow
17:46 Bloodlines
17:28 Horse Collar
18:19 Forging
18:56 Town Watch
19:31 Scale Barding Armor
21:39 Chain Barding Armor
21:26 Husbandry
22:21 Heavy Plow
24:11 Iron Casting
24:20 Bow Saw
24:21 Stone Mining
26:17 Fletching
26:28 Padded Archer Armor
27:10 Hand Cart
28:34 Ballistics
32:25 Imperial Age
29:43 Loom
30:00 Town Patrol
34:26 Chemistry
33:23 Murder Holes
33:50 Thumb Ring
33:06 Crossbowman
34:29 Elite Skirmisher
36:32 Two-Man Saw
35:52 Masonry
35:53 Bodkin Arrow
36:46 Leather Archer Armor
36:58 Conscription
42:05 Heavy Camel Rider
43:07 Siege Engineers
44:15 Bracer
46:47 Blast Furnace
45:49 Scale Mail Armor
48:28 Gold Shaft Mining
48:55 Elite Ghulam
50:11 Chain Mail Armor
jesus082879
12:07 Feudal Age
12:33 Double-Bit Axe
13:26 Wheelbarrow
12:33 Horse Collar
18:41 Castle Age
17:04 Gold Mining
18:45 Bloodlines
19:31 Bow Saw
19:39 Hand Cart
19:26 Heavy Plow
20:03 Forging
21:25 Scale Barding Armor
23:34 Pikeman
25:15 Iron Casting
25:34 Chain Barding Armor
25:41 Husbandry
26:04 Loom
26:10 Town Watch
27:03 Gold Shaft Mining
26:40 Stone Mining
27:25 Scale Mail Armor
26:49 Light Cavalry
29:06 Chain Mail Armor
36:49 Imperial Age
34:34 Fletching
34:45 Padded Archer Armor
35:19 Town Patrol
35:49 Bodkin Arrow
36:54 Guard Tower
37:09 Murder Holes
37:25 Masonry
40:18 Two-Man Saw
40:21 Blast Furnace
39:57 Plate Barding Armor
39:23 Bracer
41:19 Plate Mail Armor
43:28 Capped Ram
48:36 Keep
50:26 Fervor
51:03 Capped Ram
54:38 Bimaristan
54:39 Counterweights
55:10 Elite Mameluke
57:19 Hoardings
60:07 Hoardings
59:53 Conscription
60:07 Leather Archer Armor
61:35 Hoardings
61:06 Hussar
63:45 Hoardings
63:31 Conscription
62:51 Siege Ram
65:21 Hussar
Connection lost

Rejoining the realm…

Still unreachable

The connection could not be restored.

Session expired

The server has moved on; the page needs a fresh start.